Map: Simulacrum LE

Players

BerryRAWR - Winner!

  • Race: Terran Terran
  • League: Grandmaster
  • Spawn Location: 11:00

Raze

  • Race: Zerg Zerg
  • League: Master
  • Spawn Location: 5:00

VOD

Have the link to the VOD?

Description

Time

  • Played on: March 1, 2020, 12:21 a.m.
  • Length: 27:25
Show
View Real Time Build Order
Export as new Build Order

BerryRAWR Terran - Winner!

Build Orders: Gas First Reaper Expand, Liberator Opening 

Get SALT Encoding   

  12  0:02  SCV  
  13  0:14  SCV  
  13  0:17  Supply Depot  
  14  0:26  SCV  
  15  0:31  Refinery  
  15  0:39  SCV  
  16  0:46  Barracks  
  16  0:51  SCV  
  17  1:03  SCV  
  18  1:15  SCV  
  19  1:34  Reaper, Orbital Command  
  20  1:46  Command Center  
  20  1:57  Factory  
  20  2:00  SCV  
  21  2:09  Barracks Reactor  
  21  2:12  SCV  
  22  2:16  Supply Depot  
  22  2:19  Refinery  
  22  2:25  SCV  
  23  2:38  SCV  
  24  2:45  Starport  
  24  2:50  SCV, Hellion  
  24  2:51  Hellion  
  29  2:55  Marine  
  30  3:01  Orbital Command  
  30  3:11  Hellion  
  34  3:12  Hellion  
  34  3:20  Liberator  
  34  3:26  SCV  
  38  3:27  Supply Depot  
  38  3:29  SCV  
  38  3:33  Hellion  
  41  3:38  Hellion  
  41  3:40  SCV  
  44  3:44  SCV  
  45  3:52  SCV, Supply Depot  
  46  3:57  SCV  
  47  4:04  SCV  
  47  4:09  SCV  
  49  4:11  Barracks Tech Lab  
  49  4:16  SCV, Supply Depot, Liberator  
  53  4:17  Factory Tech Lab  
  53  4:21  SCV  
  54  4:27  Command Center  
  54  4:28  SCV  
  54  4:29  Marine  
  56  4:36  Stimpack  
  56  4:39  Siege Tank  
  56  4:44  SCV  
  60  4:47  Marine  
  60  4:52  SCV  
  62  5:02  SCV  
  62  5:03  Starport Reactor  
  62  5:06  SCV  
  61  5:10  Barracks  
  61  5:11  Engineering Bay x2, Barracks  
  61  5:14  SCV, Marine  
  61  5:18  SCV  
  64  5:24  Barracks  
  64  5:26  Barracks  
  64  5:30  SCV  
  64  5:31  SCV  
  64  5:32  Marine  
  64  5:36  Siege Tank  
  64  5:39  Refinery  
  64  5:41  Orbital Command, Refinery  
  67  5:44  SCV  
  67  5:47  Terran Infantry Weapons Level 1  
  67  5:49  Terran Infantry Armor Level 1  
  68  5:50  Marine  
  69  6:02  Barracks Reactor  
  69  6:03  Marine x2  
  71  6:05  SCV  
  71  6:08  Marine  
  71  6:09  Supply Depot  
  73  6:11  Barracks Reactor  
  73  6:12  Barracks Reactor, Supply Depot  
  73  6:14  Orbital Command  
  73  6:18  SCV x2  
  74  6:21  Marine  
  74  6:23  Marine  
  77  6:26  Armory, Marine  
  77  6:30  SCV x2  
  80  6:33  Combat Shield  
  80  6:34  Supply Depot x2  
  80  6:36  Medivac  
  80  6:38  Marine  
  80  6:39  Marine  
  84  6:41  SCV, Marine  
  84  6:42  SCV x2  
  84  6:44  Marine x2  
  90  6:50  Marine  
  90  6:51  Marine  
  90  6:52  Medivac, Bunker  
  90  6:54  SCV, Supply Depot  
  94  6:55  SCV  
  94  6:56  Marine  
  94  6:57  SCV  
  94  7:00  Marine x3  
  101  7:01  Marine  
  101  7:06  SCV  
  101  7:07  SCV  
  104  7:09  SCV  
  104  7:11  Supply Depot, Siege Tank  
  104  7:13  Marine x2  
  104  7:14  Marine  
  111  7:16  Marine  
  111  7:19  Terran Vehicle Weapons Level 1  
  111  7:21  SCV  
  111  7:22  SCV  
  115  7:27  Medivac x2  
  115  7:28  Marine x2  
  121  7:31  Supply Depot  
  121  7:32  Marine x2  
  103  7:46  Siege Tank  
  103  7:47  Marine x2  
  97  8:00  Marine x5  
  97  8:01  Marauder, Marine  
  97  8:05  Marine x2  
  97  8:08  Terran Infantry Weapons Level 2  
  97  8:11  Terran Infantry Armor Level 2  
  97  8:13  Command Center  
  97  8:15  SCV x2  
  97  8:16  SCV  
  97  8:18  Marine x6  
  106  8:22  Marine x2  
  106  8:26  Marine  
  103  8:27  Siege Tank  
  103  8:29  SCV  
  103  8:30  SCV x2  
  109  8:36  Marine x6  
  109  8:40  Marine x2, Factory  
  117  8:45  Marine  
  117  8:47  SCV  
  119  8:52  Medivac x2  
  119  8:53  Marine x2  
  119  8:54  Marine x4  
  129  8:58  Marauder, Marine  
  129  9:00  Refinery  
  129  9:01  Refinery  
  129  9:02  Supply Depot  
  132  9:03  Supply Depot  
  132  9:04  Supply Depot, Siege Tank  
  132  9:09  Marine  
  136  9:11  Marine x2  
  136  9:16  Marine  
  136  9:17  Marine x2  
  139  9:23  Marine x3  
  144  9:31  Marine  
  144  9:32  Marine x2  
  144  9:34  Marine x3  
  144  9:36  Siege Tank  
  153  9:38  Barracks  
  153  9:41  Marine  
  153  9:42  Barracks x2  
  151  9:58  Marauder, Marine x4  
  151  9:59  Marine  
  143  10:08  Siege Tank  
  143  10:10  Marine x3  
  143  10:11  Planetary Fortress  
  143  10:13  SCV  
  143  10:14  Medivac  
  143  10:15  Medivac  
  143  10:16  Marine x4  
  143  10:19  Marine x2  
  151  10:27  Marine x2  
  151  10:28  Marine  
  154  10:29  Factory Tech Lab  
  154  10:30  Barracks Tech Lab x2  
  154  10:31  Barracks Tech Lab  
  154  10:33  Marine  
  154  10:34  Marine x2  
  157  10:40  Siege Tank  
  160  10:44  Medivac  
  160  10:45  Medivac  
  159  10:55  SCV x4  
  148  11:00  Marauder, Marine x6  
  148  11:01  Marauder  
  156  11:12  Siege Tank  
  156  11:14  Medivac x2  
  156  11:16  Siege Tank  
  162  11:19  Marine x2  
  162  11:20  Marauder, Marine  
  162  11:24  Marine  
  168  11:31  Marine  
  168  11:32  Marine  
  168  11:33  Marine  
  168  11:35  Marine  
  168  11:38  Marine  
  168  11:43  Marine  
  168  11:44  Medivac x2, Siege Tank  
  176  11:47  Marine x2  
  176  11:52  Ghost Academy  
  174  12:07  Command Center  
  168  12:12  Marine x2  
  168  12:13  Marine  
  168  12:14  Medivac x2  
  147  12:27  Marauder, Marine x2  
  143  12:30  Marauder, Marine x5  
  143  12:31  Marauder  
  150  12:41  Marauder  
  150  12:43  Marine  
  143  12:49  Marauder  
  142  12:52  Marauder x2  
  142  12:55  Siege Tank  
  142  12:56  Liberator  
  142  12:57  Marine  
  152  13:02  Marauder  
  152  13:17  Marine  
  152  13:18  Marauder  
  155  13:20  Marine x2  
  155  13:21  Marauder  
  155  13:26  Marauder x2, Marine x3  
  166  13:27  Marine  
  166  13:33  SCV x3  
  164  13:39  Marauder  
  160  13:52  Siege Tank  
  160  13:53  Planetary Fortress  
  160  13:54  SCV  
  164  14:08  Marauder, Marine x3  
  169  14:10  Supply Depot x2  
  169  14:13  Medivac x2  
  171  14:20  Marine  
  171  14:21  Marauder  
  174  14:33  Siege Tank  
  174  14:34  Marine x2, Siege Tank  
  174  14:35  Marauder x3, Marine x2  
  190  14:48  Command Center  
  184  14:55  Marine x4  
  186  15:01  Marauder, Marine  
  186  15:02  SCV x2  
  186  15:03  SCV x2  
  188  15:20  Marauder x3, Marine x4  
  196  15:21  Marine  
  196  15:22  Siege Tank  
  196  15:27  Command Center  
  197  15:43  Marauder, Marine  
  198  16:01  Marine  
  198  16:02  Marauder  
  188  16:09  Terran Vehicle Weapons Level 2, Command Center  
  186  16:18  Siege Tank  
  135  16:36  Marine x3  
  135  16:39  Viking x2  
  127  16:40  Thor  
  133  16:48  Refinery  
  133  16:50  Thor  
  139  16:57  Command Center  
  103  17:17  Marine  
  103  17:18  Marauder  
  103  17:20  Planetary Fortress  
  103  17:21  SCV x2  
  108  17:23  Thor  
  108  17:27  SCV x2  
  108  17:28  Orbital Command  
  116  17:32  Thor  
  116  17:33  SCV x2  
  116  17:34  Marauder x2, Marine x6  
  116  17:35  Marauder, Marine  
  137  17:39  SCV x2  
  139  17:45  SCV x2  
  139  17:51  SCV x2  
  143  17:56  Planetary Fortress  
  141  18:06  Siege Tank  
  141  18:07  Marine x2  
  141  18:08  Marauder, Marine  
  141  18:10  Marauder, Marine x2  
  141  18:11  Marauder x2, Marine x3  
  160  18:13  SCV x3  
  160  18:16  Planetary Fortress, Siege Tank  
  166  18:20  Missile Turret  
  166  18:21  Refinery  
  166  18:22  Refinery  
  166  18:25  Marine  
  167  18:27  Missile Turret  
  167  18:29  Missile Turret, Marauder  
  167  18:30  Marine x6  
  167  18:31  SCV x2  
  167  18:32  SCV, Marauder x2  
  167  18:33  SCV  
  182  18:34  SCV  
  182  18:38  Siege Tank  
  182  18:39  SCV  
  187  18:43  SCV x2  
  187  18:44  SCV  
  187  18:45  SCV  
  191  19:02  Marauder x2  
  195  19:03  Marine  
  195  19:04  Marauder  
  195  19:05  Medivac  
  200  19:10  Sensor Tower  
  200  19:14  Sensor Tower  
  200  19:17  Command Center  
  189  19:29  Thor  
  189  19:31  Marauder, Marine x2  
  192  19:37  Refinery  
  193  19:39  Refinery  
  193  19:42  Marine  
  193  19:43  Marauder x3  
  200  19:59  Refinery  
  200  20:00  Refinery  
  200  20:01  Command Center  
  200  20:21  Missile Turret  
  200  20:22  Missile Turret  
  200  20:27  Terran Vehicle Weapons Level 3  
  200  20:30  Terran Infantry Weapons Level 3  
  200  20:31  Terran Infantry Armor Level 3  
  186  20:50  Marauder x3  
  186  20:54  Siege Tank x2  
  192  20:58  Orbital Command  
  192  21:03  Marauder, Marine x2  
  185  21:12  Marauder  
  185  21:15  Marine  
  185  21:16  Marauder, Liberator  
  185  21:17  Liberator  
  196  21:22  Armory  
  196  21:26  Marauder, Marine x2  
  200  21:34  Personal Cloaking  
  200  21:36  Ghost Academy  
  192  22:19  Siege Tank  
  195  22:31  Liberator  
  195  22:32  Marauder  
  160  22:46  Siege Tank  
  160  22:47  Marine x2  
  160  22:48  Marauder x2, Marine x2  
  141  22:51  Siege Tank  
  141  22:52  Marauder, Marine x3  
  141  22:53  Marine  
  141  22:54  Marauder  
  141  22:57  Liberator  
  140  22:59  Nuke  
  140  23:01  Nuke  
  140  23:04  Terran Vehicle And Ship Armor Level 1  
  140  23:05  Marine x4  
  140  23:09  Marauder x2, Marine  
  140  23:10  Marine x2  
  140  23:12  Marine  
  150  23:13  Marauder  
  150  23:14  Liberator  
  150  23:15  Marauder  
  150  23:18  Siege Tank  
  150  23:19  Command Center  
  160  23:22  Terran Ship Weapons Level 1  
  160  23:23  Marine x4  
  172  23:35  Siege Tank  
  172  23:40  Liberator  
  183  23:42  Missile Turret  
  183  23:43  Missile Turret  
  183  23:44  Missile Turret  
  183  23:46  Marine x6  
  183  23:47  Marine x2  
  186  23:49  Orbital Command  
  186  23:50  Siege Tank  
  189  23:57  Liberator  
  192  24:07  Siege Tank  
  195  24:13  Unknown x2  
  195  24:14  Unknown x2  
  197  24:22  Siege Tank  
  200  24:37  Missile Turret  
  187  24:39  Siege Tank  
  187  24:42  Unknown  
  188  24:49  Missile Turret  
  188  24:52  Missile Turret x2  
  188  24:54  Siege Tank  
  188  24:56  Missile Turret  
  188  24:58  Unknown x2  
  191  25:12  Planetary Fortress  
  191  25:22  Command Center  
  191  25:23  Marine  
  200  25:33  Refinery  
  200  25:37  Refinery  
  200  25:39  Command Center  
  200  25:51  Unknown x3  
  200  25:52  Unknown  
  195  26:37  Marauder x3, Marine x5  
  195  26:38  Marauder, Marine  
Show
View Real Time Build Order
Export as new Build Order

Raze Zerg 

Build Orders: Hatch First 

Get SALT Encoding   

  12  0:01  Drone  
  13  0:12  Overlord  
  13  0:17  Drone  
  14  0:30  Drone x2  
  16  0:49  Hatchery  
  15  0:52  Drone  
  15  0:56  Drone  
  17  1:00  Drone  
  18  1:09  Extractor  
  17  1:15  Spawning Pool  
  16  1:18  Drone  
  16  1:22  Drone  
  18  1:28  Drone  
  19  1:40  Drone  
  20  1:53  Drone  
  21  2:03  Queen x2  
  21  2:04  Zergling x4  
  27  2:16  Hatchery  
  27  2:21  Overlord  
  26  2:27  Drone x2  
  28  2:31  Metabolic Boost  
  28  2:43  Queen  
  30  2:50  Drone x4  
  34  2:56  Overlord  
  34  3:01  Drone x2  
  36  3:09  Overlord  
  36  3:18  Queen  
  36  3:19  Drone x2  
  40  3:26  Drone x2  
  42  3:28  Drone x2  
  42  3:30  Drone  
  45  3:35  Queen  
  47  3:43  Zergling x2  
  47  3:44  Zergling x4  
  50  3:53  Overlord  
  50  3:56  Lair  
  50  4:00  Baneling Nest  
  50  4:02  Queen  
  49  4:03  Spore Crawler  
  49  4:07  Overlord  
  49  4:13  Drone x3  
  52  4:17  Spore Crawler  
  52  4:18  Queen  
  52  4:20  Drone  
  52  4:23  Drone  
  56  4:24  Drone  
  56  4:26  Drone  
  56  4:28  Drone  
  56  4:29  Drone  
  59  4:56  Centrifical Hooks  
  59  5:04  Extractor  
  59  5:05  Drone x8  
  59  5:06  Overlord x4, Drone, Extractor  
  66  5:08  Evolution Chamber x2  
  64  5:17  Baneling x4  
  64  5:27  Queen  
  66  5:35  Overseer  
  66  5:41  Zergling x6  
  66  5:42  Zergling x10  
  74  5:43  Drone x2  
  74  5:45  Hatchery, Drone  
  76  5:50  Zerg Ground Armor Level 1  
  76  5:58  Drone x5  
  76  5:59  Drone  
  76  6:02  Overlord  
  82  6:09  Baneling  
  82  6:10  Baneling x2  
  82  6:11  Zerg Melee Weapons Level 1  
  82  6:19  Drone  
  82  6:20  Drone x9  
  82  6:23  Overlord  
  92  6:42  Zergling x2  
  92  6:43  Zergling x10, Hatchery  
  92  6:44  Overlord x2  
  97  6:53  Overlord x2  
  97  6:58  Drone x2  
  97  6:59  Infestation Pit, Drone  
  99  7:02  Zergling x2  
  99  7:03  Zergling x8  
  99  7:07  Baneling  
  99  7:08  Baneling  
  104  7:17  Overlord x2  
  104  7:18  Hatchery  
  104  7:22  Zergling x12  
  109  7:25  Drone  
  109  7:28  Drone x2  
  112  7:30  Baneling x8  
  112  7:31  Zergling x6, Baneling x2  
  112  7:32  Zergling x6  
  118  7:43  Zergling x2  
  118  7:44  Zergling x6  
  104  7:47  Zerg Ground Armor Level 2  
  92  8:00  Zergling x12  
  92  8:01  Zergling x2  
  98  8:07  Baneling x2  
  98  8:08  Baneling x11  
  98  8:09  Drone x2  
  98  8:10  Queen, Drone x7  
  108  8:20  Zergling x4  
  104  8:28  Zergling x2  
  104  8:29  Zergling x12  
  111  8:38  Zerg Melee Weapons Level 2  
  111  8:42  Drone, Extractor  
  111  8:43  Drone x3  
  111  8:46  Hive  
  114  8:49  Extractor  
  114  8:51  Zergling x2  
  114  8:52  Zergling x26  
  127  8:56  Baneling  
  127  8:57  Baneling x3  
  127  9:07  Spine Crawler, Spore Crawler  
  127  9:08  Spine Crawler, Spore Crawler, Drone x9  
  127  9:09  Spine Crawler  
  131  9:12  Queen  
  131  9:13  Drone x4  
  137  9:19  Hatchery  
  136  9:25  Zergling x2  
  136  9:26  Zergling x20  
  138  9:48  Drone  
  138  9:49  Drone x5  
  138  9:50  Baneling  
  138  9:51  Baneling x4  
  139  9:58  Spire  
  129  10:03  Queen, Drone x9  
  129  10:06  Drone x5  
  129  10:07  Drone x2  
  138  10:21  Zerg Ground Armor Level 3  
  138  10:32  Zergling x30  
  138  10:33  Zergling x12  
  158  10:46  Baneling x17  
  158  10:47  Zergling x14  
  158  10:48  Hatchery  
  159  11:06  Zergling x14  
  159  11:07  Zergling x10  
  159  11:08  Overlord  
  159  11:09  Overlord x2  
  171  11:14  Zerg Flyer Weapons Level 1  
  171  11:20  Ultralisk Cavern  
  168  11:27  Baneling x7  
  168  11:32  Baneling  
  148  11:33  Baneling x9  
  145  11:41  Baneling  
  145  11:42  Overlord, Baneling x4  
  145  11:43  Overlord x5  
  125  12:07  Spawning Pool, Ultralisk x2  
  96  12:34  Hatchery  
  92  12:41  Hatchery  
  92  12:43  Hatchery  
  76  12:46  Ultralisk  
  76  12:47  Chitinous Plating  
  82  12:57  Zergling x34  
  93  12:59  Hatchery  
  84  13:21  Adrenal Glands  
  84  13:22  Zergling x2  
  84  13:23  Zergling x18  
  81  13:36  Hatchery  
  81  13:37  Zergling x10  
  85  13:52  Baneling x8  
  85  13:54  Zergling x20  
  85  13:55  Queen  
  97  14:11  Hatchery  
  97  14:14  Ultralisk  
  97  14:15  Hatchery  
  101  14:17  Baneling  
  101  14:18  Baneling  
  101  14:19  Zergling x20  
  110  14:33  Drone x8  
  110  14:34  Drone x2  
  120  14:39  Overlord  
  120  14:44  Baneling x2  
  120  14:45  Baneling x6  
  117  15:03  Zergling x30  
  130  15:07  Drone  
  129  15:17  Corruptor x3  
  135  15:21  Zergling x8  
  134  15:38  Hatchery  
  130  15:57  Corruptor  
  130  15:58  Corruptor x2  
  130  16:00  Hatchery  
  133  16:09  Baneling x7  
  133  16:22  Hatchery  
  133  16:25  Zergling x24  
  116  16:26  Zergling x12  
  102  16:37  Zergling x10  
  97  16:42  Baneling  
  97  16:43  Baneling x6  
  97  16:46  Baneling x3  
  97  16:47  Zergling x12  
  97  16:48  Zergling x6  
  100  16:55  Zergling x2  
  73  17:09  Zergling x10  
  73  17:10  Zergling x12  
  79  17:19  Drone x2  
  79  17:20  Drone x2  
  83  17:27  Baneling x7  
  83  17:28  Zergling x10  
  83  17:29  Zergling x2  
  89  17:33  Baneling x4  
  89  17:48  Zergling x6  
  89  17:49  Zergling x16  
  100  17:53  Burrow  
  98  17:59  Ultralisk  
  104  18:16  Drone  
  105  18:22  Ultralisk  
  109  18:29  Hatchery  
  109  18:33  Zergling x2  
  112  18:34  Zergling x22  
  112  18:38  Ultralisk  
  121  18:51  Overlord x2  
  121  18:54  Drone x2  
  123  19:01  Ultralisk  
  129  19:03  Zergling x16  
  129  19:07  Baneling  
  129  19:08  Baneling x2  
  110  19:26  Zergling x2  
  110  19:27  Zergling x38  
  125  19:48  Hatchery  
  124  19:55  Baneling x3  
  124  19:58  Extractor  
  123  20:01  Drone x2  
  123  20:02  Drone, Extractor  
  123  20:11  Drone x3  
  123  20:13  Extractor  
  125  20:15  Drone  
  125  20:16  Drone x2  
  128  20:30  Baneling  
  128  20:31  Baneling x4  
  128  20:35  Extractor  
  127  20:36  Zergling x2  
  127  20:37  Zergling x48  
  127  20:39  Baneling  
  127  20:40  Baneling x2  
  149  20:57  Zergling x2  
  149  20:58  Zergling x8  
  149  20:59  Overlord x4  
  149  21:03  Baneling x3  
  154  21:08  Hatchery  
  144  21:14  Baneling x3  
  144  21:15  Baneling x5  
  144  21:23  Baneling x5  
  144  21:24  Baneling x8  
  144  21:26  Drone  
  144  21:27  Drone x8  
  153  21:38  Ultralisk  
  159  21:42  Extractor  
  159  21:43  Drone x2  
  158  22:03  Corruptor x3  
  157  22:20  Hatchery  
  154  22:32  Corruptor x2  
  99  23:11  Drone x2  
  99  23:12  Drone x4  
  104  23:30  Baneling x16  
  104  23:33  Drone x3  
  104  23:34  Drone x7  
  114  23:35  Zergling x14  
  123  24:01  Spore Crawler  
  121  24:08  Corruptor x4  
  121  24:21  Drone x2  
  121  24:22  Drone x3  
  121  24:23  Drone x5  
  124  24:35  Hatchery  
  117  24:58  Zergling x4  
  117  24:59  Zergling x20, Hatchery  
  126  25:01  Baneling  
  126  25:02  Baneling x4  
  126  25:08  Pneumatized Carapace  
  125  25:18  Zergling x2  
  125  25:19  Zergling x18  
  135  25:36  Greater Spire  
  135  25:37  Drone  
  135  25:38  Drone  
  135  25:39  Drone x2  
  135  25:40  Zergling x4, Drone x4  
  135  25:42  Baneling x2  
  145  25:43  Baneling x3  
  145  25:44  Zergling x12  
  145  25:45  Zergling x2  
  152  25:50  Queen  
  118  26:18  Baneling x3  
  118  26:19  Baneling x6  
  118  26:20  Zergling x36  
  118  26:21  Zergling x8  
  130  26:52  Zergling x2  
  130  26:53  Zergling x32  
  145  26:55  Baneling x4  
Tags
 
Add a new tag
Caveats
  • Supply blocks, unpowered buildings, or Contaminate may cause inaccurate times.
  • Supply counts are checked every 10 seconds.